 Dungeon Crawl Stone Soup version 0.31-a0-656-gb4d89c20fa (webtiles) character file.

Game seed: 16146349794102849247

4661 Ekaitz the Geomancer (level 10, -10/57 HPs)
             Began as a Deep Elf Earth Elementalist on Aug 30, 2023.
             Was a Priest of Vehumet.
             Mangled by a boulder beetle (12 damage)
             ... on level 9 of the Dungeon.
             The game lasted 00:20:59 (9962 turns).

Ekaitz the Geomancer (Deep Elf Earth Elementalist)  Turns: 9962, Time: 00:21:01

Health: -10/57     AC:  4    Str:  5    XL:     10   Next: 20%
Magic:  5/23       EV: 16    Int: 21    God:    Vehumet [***...]
Gold:   260        SH:  0    Dex: 19    Spells: 10/24 levels left

rFire   + . .        a - +2 dagger (venom)
rCold   + . .        (no shield)
rNeg    . . .        M - +0 robe
rPois   +            O - +0 helmet
rElec   .            I - scarf {rC+ rF+}
rCorr   +            (no gloves)
SInv    .            g - +0 pair of boots
Will    +....        (no amulet)
Stlth   +++          J - ring of poison resistance
HPRegen 0.29/turn    R - ring of resist corrosion
MPRegen 0.18/turn

%: no passive effects
@: no status effects
A: no striking features
a: Renounce Religion


You were on level 9 of the Dungeon.
You worshipped Vehumet.
Vehumet was most pleased with you.
You visited 2 branches of the dungeon, and saw 10 of its levels.

You collected 501 gold pieces.
You spent 241 gold pieces at shops.

Inventory:

Hand Weapons
 a - a +2 dagger of venom (weapon)
 c - a +0 dagger of draining
 T - a +1 spear of flaming
 U - a +6 halberd
 V - a +3 falchion
 W - a +1 great sword of draining
Missiles
 e - a throwing net
 o - 30 poisoned darts
Armour
 g - a +0 pair of boots (worn)
 n - a +4 scale mail
 H - a +0 leather armour of willpower
 I - a scarf of resistance (worn)
 M - a +0 robe (worn)
 O - a +0 helmet (worn)
 S - +0 acid dragon scales
Jewellery
 J - a ring of poison resistance (left hand)
 R - a ring of resist corrosion (right hand)
Talismans
 r - a beast talisman
Wands
 l - a wand of light (14)
 u - a wand of paralysis (37)
 N - a wand of flame (30)
 P - a wand of iceblast (14)
 Q - a wand of polymorph (4)
Scrolls
 d - 2 scrolls of enchant armour
 f - 8 scrolls of identify {unknown}
 j - 2 scrolls of immolation {unknown}
 k - 2 scrolls of vulnerability {unknown}
 m - a scroll of brand weapon {unknown}
 q - a scroll of blinking {unknown}
 t - a scroll of fog {unknown}
 w - 5 scrolls of teleportation {unknown}
 x - 3 scrolls of poison
 y - a scroll of torment {unknown}
 B - a scroll of noise {unknown}
 C - a scroll of revelation
 E - a scroll of fear {unknown}
 F - a scroll of enchant weapon {unknown}
Potions
 b - a potion of magic
 h - 2 potions of degeneration {unknown}
 i - a potion of mutation {unknown}
 p - a potion of berserk rage {unknown}
 s - a potion of haste {unknown}
 v - 3 potions of invisibility {unknown}
 z - a potion of experience {unknown}
 A - a potion of brilliance {unknown}
 D - a potion of curing
 G - 3 potions of might {unknown}
 K - 2 potions of ambrosia {unknown}
 L - 2 potions of attraction {unknown}


   Skills:
 * Level 4.2 Fighting
 + Level 1.9 Short Blades
 * Level 6.5 Dodging
 + Level 6.0 Stealth
 + Level 7.7 Spellcasting
 * Level 6.2 Conjurations
 * Level 1.8 Translocations
 + Level 2.3 Transmutations
 * Level 3.0 Air Magic
 * Level 9.4 Earth Magic
 + Level 0.3 Evocations


You had 10 spell levels left.
You knew the following spells:

 Your Spells              Type           Power      Damage    Failure   Level
a - Sandblast             Erth           94%        2d19      1%          1
b - Passwall              Tmut/Erth      26%        N/A       1%          2
c - Stone Arrow           Conj/Erth      82%        3d12      1%          3
d - Petrify               Tmut/Erth      32%        N/A       8%          4
g - Gell's Gravitas       Tloc           15%        N/A       12%         3
z - Shock                 Conj/Air       100%       1d9       1%          1

Your spell library contained the following spells:

 Spells                   Type           Power      Damage    Failure   Level
 Momentum Strike          Conj/Tloc      50%        3d9       1%          2
 Ignite Poison            Fire/Tmut/Pois 11%        N/A       5%          3
 Sticky Flame             Conj/Fire      21%        2d4       6%          4
 Arcjolt                  Conj/Air       13%        1d23      9%          5
 Ensorcelled Hibernation  Hex/Ice        16%        N/A       12%         2
 Teleport Other           Tloc           15%        N/A       12%         3
 Vhi's Electric Charge    Tloc/Air       36%        N/A       30%         4
 Anguish                  Hex/Necr       4%         N/A       63%         4
 Dispersal                Tloc           7%         N/A       99%         6
 Ignition                 Fire           4%         3d4       100%        8
 Maxwell's Capacitive Co  Air            10%        ∞         100%        8


Dungeon Overview and Level Annotations

Branches:
Dungeon (9/15)             Temple (1/1) D:4
   Lair: D:8-11         Orc: D:9-12

Altars:
Ashenzari
Cheibriados
Dithmenos
Elyvilon
Fedhas
Gozag
Kikubaaqudgha
Makhleb
Nemelex Xobeh
Okawaru
Qazlal
Ru
Sif Muna
Trog
Uskayaw
Vehumet
Wu Jian
Xom
Yredelemnul
Zin
The Shining One

Shops:
D:4 *   D:5 (:*


Message History

You see here 2 stones.
You start resting.
A boulder beetle is nearby!
You hit the boulder beetle but do no damage.
The boulder beetle is poisoned.
The boulder beetle bites you!!
You hit the boulder beetle.
The boulder beetle looks as sick as possible!
The boulder beetle is lightly wounded.
The boulder beetle bites you!!
* * * LOW HITPOINT WARNING * * *
Okay, then.
Okay, then.
You feel better. The boulder beetle barely misses you.
Unknown command.
You hit the boulder beetle but do no damage.
The boulder beetle is lightly wounded.
The boulder beetle closely misses you.
Casting: Stone Arrow (safe; 1% risk of failure)
Confirm with . or Enter, or press ? or * to list all spells.
Aiming: Petrify (dangerous; 8% risk of failure)
Press: ? - help, Shift-Dir - straight line, f - boulder beetle
Aim: a boulder beetle (moderately wounded, extremely poisoned, chance to affect: 44%)
The boulder beetle resists with some effort.
The boulder beetle bites you.
Casting: Petrify (dangerous; 8% risk of failure)
Confirm with . or Enter, or press ? or * to list all spells.
Aiming: Petrify (dangerous; 8% risk of failure)
Press: ? - help, Shift-Dir - straight line, f/p - boulder beetle
Aim: a boulder beetle (moderately wounded, extremely poisoned, chance to affect: 44%)
The boulder beetle is moving more slowly.
The boulder beetle bites you!!
* * * LOW HITPOINT WARNING * * *
Casting: Petrify (dangerous; 8% risk of failure)
Confirm with . or Enter, or press ? or * to list all spells.
Aiming: Petrify (dangerous; 8% risk of failure)
Press: ? - help, Shift-Dir - straight line, f/p - boulder beetle
Aim: a boulder beetle (moderately wounded, petrifying slowly, very poisoned, chance to affect: 44%)
The boulder beetle resists with some effort.
The boulder beetle bites you!
You die...

[#....#(#..# #......##..#
+......+...#
+......+...######
#B.....##.....<.# #....#
#.......#
#.?#''#?.#.......+ ..
..####..####.......####.#
#.......)B@.(............
#.......#####...........#
#.......# #...........#
#.......# #.#.#.#.....#
........# #...........#
.....#.#.#.#..#
##.#.#.#.....#
.............##
#............#
.....#.#.#.#.
#..#.#.#.)))[# ........
#.......).)))#


You could see a boulder beetle (petrifying, very poisoned).

Vanquished Creatures
  Pikel (D:8)
  A komodo dragon (D:8)
  Prince Ribbit (D:8)
  A shadow (D:9)
  Sigmund (D:5)
  A spriggan (D:7)
  2 steam dragons
  An acid dragon (D:8)
  2 water moccasins
  2 orc warriors
  3 ogres
  3 centaurs
  A lemure (D:8)
  2 phantoms
  3 kobold brigands
  A bullfrog (D:7)
  2 gnoll sergeants
  7 scorpions
  3 wights (D:9)
  A killer bee (D:9)
  4 jellies
  3 hounds
  3 orc priests
  Crazy Yiuf (D:5)
  Jessica (D:3)
  5 orc wizards
  8 gnolls
  8 adders
  3 worms
  22 orcs
  7 bats
  7 endoplasms
  6 giant cockroaches
  5 goblins
  10 hobgoblins
  2 jackals (D:1)
  3 quokkas
  4 ball pythons
  6 frilled lizards
  26 kobolds
  7 rats
180 creatures vanquished.

Vanquished Creatures (others)
  A shadow (D:8)
1 creature vanquished.

Grand Total: 181 creatures vanquished

Notes
Turn   | Place    | Note
-------+----------+-------------------------------------------
     0 | D:1      | Ekaitz the Deep Elf Earth Elementalist began the quest for
                  | the Orb.
     0 | D:1      | Reached XP level 1. HP: 10/10 MP: 6/6
   295 | D:1      | Reached XP level 2. HP: 15/15 MP: 6/8
   298 | D:1      | Learned a level 2 spell: Passwall
   600 | D:1      | Reached skill level 4 in Earth Magic
  1252 | D:2      | Reached XP level 3. HP: 20/20 MP: 6/9
  1387 | D:2      | You fall into a shaft and drop 2 floors!
  1428 | D:4      | Noticed a scorpion
  1452 | D:4      | Learned a level 3 spell: Stone Arrow
  1483 | D:4      | Found a staircase to the Ecumenical Temple.
  1492 | Temple   | Entered the Ecumenical Temple
  1497 | Temple   | Became a worshipper of Vehumet
  2017 | D:2      | Reached XP level 4. HP: 24/24 MP: 6/11
  2019 | D:2      | Reached skill level 1 in Fighting
  2949 | D:3      | Learned a level 4 spell: Petrify
  3248 | D:3      | Found a shimmering altar of Xom.
  3337 | D:3      | Noticed Jessica
  3345 | D:3      | Found a shimmering blue altar of Sif Muna.
  3351 | D:3      | Killed Jessica
  3352 | D:3      | Reached skill level 1 in Conjurations
  3457 | D:4      | Killed a scorpion
  3458 | D:4      | Reached skill level 5 in Earth Magic
  3458 | D:4      | Reached XP level 5. HP: 26/29 MP: 0/13
  3822 | D:4      | Found Vosuin's Serpentskin Sales.
  3822 | D:4      | Noticed a water moccasin
  3829 | D:4      | Killed a water moccasin
  3830 | D:4      | Reached XP level 6. HP: 16/34 MP: 5/14
  4010 | D:5      | Entered Level 5 of the Dungeon
  4137 | D:5      | Reached * piety under Vehumet
  4137 | D:5      | Offered knowledge of Magic Dart by Vehumet.
  4372 | D:5      | Found Hopp's General Store.
  4377 | D:5      | Bought a scroll of revelation for 82 gold pieces
  4377 | D:5      | Bought a potion of curing for 33 gold pieces
  4377 | D:5      | Bought a scroll of enchant armour for 82 gold pieces
  4377 | D:5      | Bought a scroll of poison for 44 gold pieces
  4661 | D:5      | Found Xaontoppai's Book Shop.
  4758 | D:5      | Reached skill level 6 in Earth Magic
  4761 | D:5      | Reached XP level 7. HP: 29/39 MP: 1/16
  4903 | D:5      | Found Bidu's Weapon Boutique.
  5138 | D:5      | Noticed Sigmund
  5161 | D:5      | Reached skill level 5 in Spellcasting
  5175 | D:5      | Killed Sigmund
  5176 | D:5      | Reached skill level 1 in Short Blades
  5446 | D:5      | Reached skill level 7 in Earth Magic
  5446 | D:5      | Reached XP level 8. HP: 45/45 MP: 4/18
  5710 | D:5      | Found an iron altar of Okawaru.
  5848 | D:5      | Found a runed translucent door.
  5849 | D:5      | Noticed Crazy Yiuf
  5962 | D:5      | Killed Crazy Yiuf
  6101 | D:6      | Found a shadowy altar of Dithmenos.
  6244 | D:6      | Found a snail-covered altar of Cheibriados.
  6305 | D:6      | Found a white marble altar of Elyvilon.
  6923 | D:7      | Reached skill level 8 in Earth Magic
  7306 | D:7      | Found a burning altar of Makhleb.
  7484 | D:7      | Found an ancient bone altar of Kikubaaqudgha.
  7523 | D:7      | Reached XP level 9. HP: 34/51 MP: 2/20
  7525 | D:7      | Offered knowledge of Shock by Vehumet.
  7527 | D:7      | Reached ** piety under Vehumet
  7539 | D:7      | Learned a level 1 spell: Shock
  7661 | D:7      | Reached skill level 5 in Dodging
  7781 | D:7      | Found a basalt altar of Yredelemnul.
  8098 | D:7      | Reached skill level 5 in Stealth
  8098 | D:7      | Reached skill level 1 in Air Magic
  8194 | D:8      | Reached skill level 5 in Conjurations
  8392 | D:8      | Noticed Pikel
  8397 | D:8      | Killed Pikel
  8398 | D:8      | Reached skill level 9 in Earth Magic
  8528 | D:8      | Found a sacrificial altar of Ru.
  8600 | D:8      | Learned a level 3 spell: Gell's Gravitas
  8831 | D:8      | Found an ornate altar of the Wu Jian Council.
  8869 | D:8      | Noticed Prince Ribbit
  8882 | D:8      | Killed Prince Ribbit
  8883 | D:8      | Reached skill level 1 in Translocations
  9128 | D:8      | Noticed a komodo dragon
  9136 | D:8      | Killed a komodo dragon
  9137 | D:8      | Reached XP level 10. HP: 56/56 MP: 15/23
  9430 | D:9      | Offered knowledge of Momentum Strike by Vehumet.
  9731 | D:9      | Reached *** piety under Vehumet
  9913 | D:9      | Noticed a boulder beetle
  9961 | D:9      | HP: 2/57 [boulder beetle (25)]
  9962 | D:9      | Mangled by a boulder beetle

Illustrated notes

Levels and vault maps discovered:
D:1:      reono_arrival_forest_river, layout_loops_corners
D:2:      layout_loops_corners, nrook_mini_backslash, minmay_misc_feat_cross
D:3:      layout_loops_ring, xom_butterflies, tgw_sif, uniq_jessica
D:4:      layout_cave_pools, minmay_temple_entry_junction_2, guppyfry_shop_venom
D:5:      layout_layer_cave, okawaru_altar_gauntlet_db, serial_shops,
          kennysheep_mini_moat, kennysheep_little_box,
          nicolae_shop_just_a_little_nook, minmay_misc_feat_square,
          uniq_crazy_yiuf_cottage, uniq_sigmund
D:6:      layout_basic, old_standard_altar,
          nicolae_dithmenos_through_a_glass_darkly, lemuel_round_altar
D:7:      layout_basic, lemuel_tele_altar, overflow_temple_1_default,
          mainiacjoe_overflow_alcove_2, the_hattery
D:8:      layout_loops_ring, nicolae_ru_great_annihilating_truth,
          nicolae_wu_jian_immortal_techniques, uniq_pikel, uniq_prince_ribbit1
D:9:      corexii_shack_village, layout_basic, serial_glass, glass_columns_a,
          glass_columns_c, glass_columns_b, glass_columns_b, glass_columns_a,
          glass_columns_b, lightli_fourway_metalbox
Temple:   hellmonk_temple_micro_hex

Skill      XL: |  1  2  3  4  5  6  7  8  9 10 |
---------------+-------------------------------+-----
Earth Magic    | 4 5 6 7 8 9 |  9.4
Fighting       | 1 2 3 4 |  4.2
Conjurations   | 1 2 3 4 6 |  6.2
Dodging        | 3 4 5 6 |  6.5
Stealth        | 3 4 5 6 |  6.0
Spellcasting   | 4 5 6 7 |  7.7
Short Blades   | 1 |  1.9
Transmutations | 2 |  2.3
Air Magic      | 2 3 |  3.0
Translocations | 1 |  1.8
Evocations     | |  0.3

Action                     |  1- 3 |  4- 6 |  7- 9 | 10-12 || total
---------------------------+-------+-------+-------+-------++-------
  Melee: Short sword       |    20 |    26 |    29 |       ||    75
         Punch             |       |       |     1 |       ||     1
         Dagger            |       |       |    59 |    20 ||    79
   Cast: Sandblast         |    48 |    19 |     2 |       ||    69
         Passwall          |     8 |    12 |    17 |     6 ||    43
         Stone Arrow       |     1 |    31 |    86 |    21 ||   139
         Petrify           |       |       |     1 |     3 ||     4
         Shock             |       |       |     6 |     2 ||     8
         Gell's Gravitas   |       |       |       |     2 ||     2
  Evoke: Wand              |       |     2 |     2 |       ||     4
    Use: Potion            |       |       |       |     1 ||     1
   Stab: Sleeping          |     8 |     9 |    18 |     5 ||    40
         Paralysed         |       |     1 |       |       ||     1
 Armour: Robe              |     9 |     5 |    19 |     1 ||    34
  Dodge: Dodged            |    27 |    27 |    69 |    31 ||   154

Table legend: (Time is in decaauts)
 A = Elapsed time spent in this place.
 B = Non-inter-level travel time spent in this place.
 C = Inter-level travel time spent in this place.
 D = Time resting spent in this place.
 E = Time spent auto-exploring this place.
 F = Levels seen in this place.
 G = Mean time per level.
                   A        B        C        D        E       F      G
               +--------+--------+--------+--------+--------+-----+--------+
         Total |   9995 |   9768 |    227 |    344 |   7902 |  10 |  999.5 |
       Dungeon |   9985 |   9763 |    222 |    344 |   7902 |   9 | 1109.4 |
        Temple |     10 |      5 |      5 |      0 |      0 |   1 |   10.0 |
               +--------+--------+--------+--------+--------+-----+--------+

Top non-repeatable levels by time:
     D:5: 1994 daAuts
     D:7: 1276 daAuts
     D:1: 1274 daAuts
     D:8: 1152 daAuts
     D:2: 1081 daAuts
     D:3: 981 daAuts
     D:6: 900 daAuts
     D:4: 702 daAuts
     D:9: 622 daAuts
  Temple: 10 daAuts
